ITL
TUSCALOOSA TROUT SLAYERS @ WABA DUCKS
09/20/2025
 
TOP OF THE 1ST
Tuscaloosa Trout Slayers batting - Pitching for Waba Ducks : RHP Yodo Nakagawa
Pitching: RHP Yodo Nakagawa
Batting: RHB Pat Fullerton 0-0: Called Strike
0-1: Called Strike
0-2: Strikes out swinging
Batting: RHB Ryan McBride 0-0: Fly out, F4 (Popup, 3D)
Batting: RHB Owen Carter 0-0: Ball
1-0: Ball
2-0: Called Strike
2-1: Fly out, F9 (Flyball, 9D)
Top of the 1st over - 0 run(s), 0 hit(s), 0 error(s), 0 left on base; Tuscaloosa 0 - Waba 0
BOTTOM OF THE 1ST
Waba Ducks batting - Pitching for Tuscaloosa Trout Slayers : RHP Rafael Ramírez
Pitching: RHP Rafael Ramírez
Batting: RHB Don Keating 0-0: Ball
1-0: Ball
2-0: Ball
3-0: Foul Ball, location: 2F
3-1: Base on Balls
Batting: RHB Tokuhei Kobayashi 0-0: Swinging Strike
0-1: Ball
1-1: Fly out, F7 (Flyball, 7M)
Batting: LHB Terry White 0-0: Ball
1-0: Swinging Strike
1-1: Ball
2-1: Fielders Choice at 2nd, 2-6 (Groundball, 2R)
Batting: RHB Chris Osborn 0-0: Ball
1-0: Swinging Strike
1-1: Swinging Strike
1-2: SINGLE (Line Drive, 56D)
Terry White to second
Batting: LHB Jack Hewat 0-0: Ball
1-0: Ball
2-0: Called Strike
2-1: Ball
3-1: Called Strike
3-2: SINGLE (Line Drive, 78S)
Terry White to third
Chris Osborn to second
Terry White scores
Chris Osborn to third
Batting: RHB Ed Small 0-0: Called Strike
0-1: Ball
1-1: Ball
2-1: Ball
3-1: Base on Balls
Jack Hewat to second
Batting: RHB Luis González 0-0: SINGLE (Flyball, 78S)
Chris Osborn scores
Jack Hewat to third
Ed Small to second
Runner from 3rd tries for Home, SAFE, throw made home
Batting: RHB Ramón Torres 0-0: Swinging Strike
0-1: Ball
1-1: Swinging Strike
1-2: Strikes out looking
Bottom of the 1st over - 3 run(s), 3 hit(s), 0 error(s), 2 left on base; Tuscaloosa 0 - Waba 3
TOP OF THE 2ND
Tuscaloosa Trout Slayers batting - Pitching for Waba Ducks : RHP Yodo Nakagawa
Batting: LHB Wilford Lush 0-0: Ball
1-0: Foul Ball, location: 2F
1-1: Fly out, F4 (Popup, 34D)
Batting: SHB Jerry Kennedy 0-0: Ball
1-0: Ball
2-0: Ball
3-0: Called Strike
3-1: Reached on error, E5 (Groundball, 56)
Batting: RHB Pedro Rodríguez 0-0: Ball
1-0: Swinging Strike
1-1: Ball
2-1: Swinging Strike
2-2: Strikes out swinging
Batting: LHB Sergio Barrón 0-0: Called Strike
0-1: Swinging Strike
0-2: Ball
1-2: Strikes out swinging
Top of the 2nd over - 0 run(s), 0 hit(s), 1 error(s), 1 left on base; Tuscaloosa 0 - Waba 3
BOTTOM OF THE 2ND
Waba Ducks batting - Pitching for Tuscaloosa Trout Slayers : RHP Rafael Ramírez
Batting: SHB Cisco Álvarez 0-0: Called Strike
0-1: Ball
1-1: Ball
2-1: Ball
3-1: Base on Balls
Batting: RHB Don Keating 0-0: Foul Ball, location: 2F
0-1: Ball
1-1: Ball
2-1: Foul Ball, location: 2F
2-2: Foul Ball, location: 2F
2-2: 2-RUN HOME RUN (Flyball, 7D), Distance : 375 ft
Batting: RHB Tokuhei Kobayashi 0-0: Ground out 6-3 (Groundball, 6)
Batting: LHB Terry White 0-0: Ball
1-0: Foul Ball, location: 2F
1-1: Ball
2-1: Ball
3-1: Base on Balls
Batting: RHB Chris Osborn 0-0: Ball
1-0: Swinging Strike
1-1: Foul Ball, location: 2F
1-2: Ball
2-2: Ball
3-2: Base on Balls
Terry White to second
Batting: LHB Jack Hewat 0-0: Ball
Terry White steals 3rd base
Chris Osborn to second
1-0: Ball
2-0: Foul Ball, location: 2F
2-1: Foul Ball, location: 2F
2-2: Strikes out swinging
Batting: RHB Ed Small 0-0: Foul Ball, location: 2F
0-1: Foul Ball, location: 2F
0-2: Reached on error, E5 (Groundball, 5S)
Terry White scores
Chris Osborn to third
Batting: RHB Luis González 0-0: Ball
1-0: Ball
2-0: Foul Ball, location: 2F
2-1: Called Strike
2-2: Ball
3-2: SINGLE (Line Drive, 6D)
Chris Osborn scores
Ed Small to second
Ed Small to third
Batting: RHB Ramón Torres 0-0: Ball
1-0: Ball
2-0: Ball
3-0: Called Strike
3-1: Base on Balls
Luis González to second
Batting: SHB Cisco Álvarez 0-0: Called Strike
0-1: Called Strike
0-2: Foul Ball, location: 2F
0-2: Strikes out swinging
Bottom of the 2nd over - 4 run(s), 2 hit(s), 1 error(s), 3 left on base; Tuscaloosa 0 - Waba 7
TOP OF THE 3RD
Tuscaloosa Trout Slayers batting - Pitching for Waba Ducks : RHP Yodo Nakagawa
Batting: RHB Lawrence Yates 0-0: Ball
1-0: Swinging Strike
1-1: Ground out 4-3 (Groundball, 4)
Batting: LHB Damon Mitchell 0-0: Ball
1-0: Called Strike
1-1: Foul Ball, location: 2F
1-2: Ball
2-2: Ball
3-2: Foul Ball, location: 2F
3-2: Foul Ball, location: 2F
3-2: Base on Balls
Batting: RHB Pat Fullerton 0-0: Ball
1-0: Called Strike
1-1: Ball
2-1: Foul Ball, location: 2F
2-2: Ball
3-2: Ground out 5-3 (Groundball, 56S)
Damon Mitchell to second
Batting: RHB Ryan McBride 0-0: Ball
1-0: Called Strike
1-1: SINGLE (Line Drive, 5L)
Damon Mitchell to third
Batting: RHB Owen Carter 0-0: Ball
1-0: Ball
2-0: Ball
3-0: Called Strike
3-1: Swinging Strike
3-2: Foul Ball, location: 2F
3-2: Foul Ball, location: 2F
3-2: Base on Balls
Ryan McBride to second
Batting: LHB Wilford Lush 0-0: Ball
1-0: SINGLE (Flyball, 89S)
Damon Mitchell scores
Ryan McBride to third
Owen Carter to second
Runner from 3rd tries for Home, SAFE, no throw or cutoff
Batting: SHB Jerry Kennedy 0-0: Foul Ball, location: 2F
0-1: Called Strike
0-2: Foul Ball, location: 2F
0-2: Foul Ball, location: 2F
0-2: Ball
1-2: Strikes out swinging
Top of the 3rd over - 2 run(s), 2 hit(s), 0 error(s), 2 left on base; Tuscaloosa 2 - Waba 7
BOTTOM OF THE 3RD
Waba Ducks batting - Pitching for Tuscaloosa Trout Slayers : RHP Rafael Ramírez
Batting: RHB Don Keating 0-0: Called Strike
0-1: Called Strike
0-2: Ball
1-2: Ball
2-2: Foul Ball, location: 2F
2-2: Strikes out looking
Batting: RHB Tokuhei Kobayashi 0-0: Ball
1-0: Called Strike
1-1: Foul Ball, location: 2F
1-2: SINGLE (Line Drive, 7S)
Batting: LHB Terry White 0-0: Called Strike
0-1: Ball
1-1: 2-RUN HOME RUN (Flyball, 78XD), Distance : 369 ft
Pitching: LHP Pedro Flores
Batting: RHB Chris Osborn 0-0: SINGLE (Line Drive, 4MD)
Batting: LHB Jack Hewat 0-0: Ball
1-0: Ball
2-0: Ball
3-0: Called Strike
3-1: Base on Balls
Chris Osborn to second
Batting: RHB Ed Small 0-0: Ball
1-0: Swinging Strike
1-1: 3-RUN HOME RUN (Flyball, 8LXD), Distance : 411 ft
Batting: RHB Luis González 0-0: Ball
1-0: Ball
2-0: Foul Ball, location: 2F
2-1: Ball
3-1: Base on Balls
Batting: RHB Ramón Torres 0-0: Called Strike
0-1: Ball
1-1: Called Strike
1-2: Ball
2-2: Fly out, F8 (Line Drive, 89M)
Batting: SHB Cisco Álvarez 0-0: Swinging Strike
0-1: Ball
1-1: Foul Ball, location: 2F
1-2: Ball
2-2: Ball
3-2: Strikes out swinging
Bottom of the 3rd over - 5 run(s), 4 hit(s), 0 error(s), 1 left on base; Tuscaloosa 2 - Waba 12
TOP OF THE 4TH
Tuscaloosa Trout Slayers batting - Pitching for Waba Ducks : RHP Yodo Nakagawa
Batting: RHB Pedro Rodríguez 0-0: Called Strike
0-1: Ball
1-1: Ball
2-1: Foul Ball, location: 2F
2-2: Foul Ball, location: 2F
2-2: Foul Ball, location: 2F
2-2: Ball
3-2: SINGLE (Line Drive, 89S)
Batting: LHB Sergio Barrón 0-0: Ball
1-0: Grounds into double play, 4-6-3 (Groundball, 34)
Batting: RHB Lawrence Yates 0-0: Called Strike
0-1: Foul Ball, location: 2F
0-2: Ball
1-2: Foul Ball, location: 2F
1-2: Ball
2-2: Foul Ball, location: 2F
2-2: Foul Ball, location: 2F
2-2: Ball
3-2: Foul Ball, location: 2F
3-2: Strikes out swinging
Top of the 4th over - 0 run(s), 1 hit(s), 0 error(s), 0 left on base; Tuscaloosa 2 - Waba 12
BOTTOM OF THE 4TH
Waba Ducks batting - Pitching for Tuscaloosa Trout Slayers : LHP Pedro Flores
Batting: RHB Don Keating 0-0: Ball
1-0: Ball
2-0: Foul Ball, location: 2F
2-1: Ball
3-1: Base on Balls
Pitching: RHP Juan Patino
Batting: RHB Tokuhei Kobayashi 0-0: Called Strike
Don Keating steals 2nd base
0-1: Ball
1-1: Fly out, F8 (Flyball, 8RM)
Batting: LHB Terry White 0-0: Ball
1-0: Called Strike
1-1: Ball
2-1: SINGLE (Line Drive, 8RS)
Don Keating to third
Runner from 3rd tries for Home, SAFE, no throw or cutoff
Batting: RHB Chris Osborn 0-0: Ground out U3 (Groundball, 3S)
Terry White to second
Batting: LHB Jack Hewat 0-0: Ball
1-0: Foul Ball, location: 2F
1-1: Ball
2-1: Ball
3-1: Called Strike
3-2: Base on Balls
Batting: RHB Ed Small 0-0: SINGLE (Groundball, 4MD)
Terry White to third
Jack Hewat to second
Runner from 3rd tries for Home, SAFE, no throw or cutoff
Batting: RHB Luis González 0-0: Ball
1-0: Called Strike
1-1: Ball
2-1: SINGLE (Line Drive, 6MD)
Jack Hewat to third
Ed Small to second
Runner from 3rd tries for Home, SAFE, no throw or cutoff
Batting: RHB Ramón Torres 0-0: Ball
1-0: Ball
2-0: Called Strike
2-1: Ball
3-1: Foul Ball, location: 2F
3-2: Ground out 6-3 (Groundball, 6M)
Bottom of the 4th over - 3 run(s), 3 hit(s), 0 error(s), 2 left on base; Tuscaloosa 2 - Waba 15
TOP OF THE 5TH
Tuscaloosa Trout Slayers batting - Pitching for Waba Ducks : RHP Yodo Nakagawa
Batting: LHB Damon Mitchell 0-0: Ball
1-0: Foul Ball, location: 2F
1-1: Ball
2-1: Foul Ball, location: 2F
2-2: Strikes out looking
Batting: RHB Pat Fullerton 0-0: Ball
1-0: Ball
2-0: Foul Ball, location: 2F
2-1: Swinging Strike
2-2: Fly out, F7 (Flyball, 78D)
Batting: RHB Ryan McBride 0-0: Called Strike
0-1: Swinging Strike
0-2: Ball
1-2: Foul Ball, location: 2F
1-2: Strikes out swinging
Top of the 5th over - 0 run(s), 0 hit(s), 0 error(s), 0 left on base; Tuscaloosa 2 - Waba 15
BOTTOM OF THE 5TH
Waba Ducks batting - Pitching for Tuscaloosa Trout Slayers : RHP Juan Patino
Pitching: RHP Rodney Hall
Batting: SHB Cisco Álvarez 0-0: Called Strike
0-1: Ball
1-1: Ball
2-1: Ball
3-1: Called Strike
3-2: SINGLE (Line Drive, 89M)
Batting: RHB Don Keating 0-0: Called Strike
0-1: Foul Ball, location: 2F
0-2: Foul Ball, location: 2F
0-2: Fly out, F3 (Popup, 3SF)
Batting: RHB Tokuhei Kobayashi 0-0: Called Strike
Cisco Álvarez is caught stealing 2nd base
0-1: SINGLE (Groundball, 6MD)
Batting: LHB Terry White 0-0: Called Strike
0-1: Called Strike
0-2: SINGLE (Line Drive, 56)
Tokuhei Kobayashi to second
Batting: RHB Chris Osborn 0-0: Foul Ball, location: 2F
0-1: Foul Ball, location: 2F
0-2: Strikes out swinging
Bottom of the 5th over - 0 run(s), 3 hit(s), 0 error(s), 2 left on base; Tuscaloosa 2 - Waba 15
TOP OF THE 6TH
Tuscaloosa Trout Slayers batting - Pitching for Waba Ducks : RHP Yodo Nakagawa
Pitching: RHP Eduardo Ramos
Batting: RHB Owen Carter 0-0: Ball
1-0: Swinging Strike
1-1: Ball
2-1: Ball
3-1: Base on Balls
Batting: LHB Wilford Lush 0-0: Ball
1-0: Foul Ball, location: 2F
1-1: Ball
2-1: Ball
3-1: Called Strike
3-2: Foul Ball, location: 2F
3-2: Fly out, F7 (Flyball, 7M)
Batting: SHB Jerry Kennedy 0-0: Ball
1-0: Foul Ball, location: 2F
1-1: Ball
2-1: Fielders Choice at 2nd, 6-4 (Groundball, 6M)
Batting: RHB Pedro Rodríguez Pickoff Throw to First - Error! E1
Jerry Kennedy to second
0-0: Ball
1-0: Foul Ball, location: 2F
1-1: Ball
2-1: Ball
3-1: Called Strike
3-2: Strikes out swinging
Top of the 6th over - 0 run(s), 0 hit(s), 1 error(s), 1 left on base; Tuscaloosa 2 - Waba 15
BOTTOM OF THE 6TH
Waba Ducks batting - Pitching for Tuscaloosa Trout Slayers : RHP Rodney Hall
Batting: LHB Jack Hewat 0-0: Called Strike
0-1: Ball
1-1: Fly out, F6 (Popup, 78S)
Batting: RHB Ed Small 0-0: Ball
1-0: Ball
2-0: Ground out 6-3 (Groundball, 6M)
Batting: RHB Luis González 0-0: Ball
1-0: Foul Ball, location: 2F
1-1: Ball
2-1: SINGLE (Groundball, 4MD)
Batting: RHB Ramón Torres 0-0: Ball
1-0: Fielders Choice at 2nd, U4 (Groundball, 4M)
Bottom of the 6th over - 0 run(s), 1 hit(s), 0 error(s), 1 left on base; Tuscaloosa 2 - Waba 15
TOP OF THE 7TH
Tuscaloosa Trout Slayers batting - Pitching for Waba Ducks : RHP Eduardo Ramos
Pitching: LHP Alberto García
Batting: LHB Sergio Barrón 0-0: Ball
1-0: Foul Ball, location: 2F
1-1: Fly out, F9 (Flyball, 89M)
Batting: RHB Lawrence Yates 0-0: Called Strike
0-1: Called Strike
0-2: Strikes out swinging
Batting: LHB Damon Mitchell 0-0: Foul Ball, location: 2F
0-1: SINGLE (Line Drive, 8RS)
Batting: RHB Pat Fullerton 0-0: Called Strike
0-1: Fielders Choice at 2nd, 6-4 (Groundball, 6)
Top of the 7th over - 0 run(s), 1 hit(s), 0 error(s), 0 left on base; Tuscaloosa 2 - Waba 15
BOTTOM OF THE 7TH
Waba Ducks batting - Pitching for Tuscaloosa Trout Slayers : RHP Rodney Hall
Pitching: RHP Jesús Ramos
Batting: SHB Cisco Álvarez 0-0: Ball
1-0: Foul Ball, location: 2F
1-1: Ball
2-1: Ball
3-1: Swinging Strike
3-2: Base on Balls
Batting: RHB Don Keating 0-0: Bunted foul
0-1: Ball
1-1: Sac Bunt - play at second, runner OUT! 1-6
Batting: RHB Tokuhei Kobayashi 0-0: Swinging Strike
0-1: Foul Ball, location: 2F
0-2: Ball
1-2: Foul Ball, location: 2F
1-2: DOUBLE (Line Drive, 7LM)
Don Keating to third
Batting: LHB Terry White 0-0: Ball
1-0: Ball
2-0: Ball
3-0: Base on Balls
Batting: RHB Chris Osborn 0-0: Ball
1-0: Called Strike
1-1: Ball
2-1: Foul Ball, location: 2F
2-2: Foul Ball, location: 2F
2-2: SINGLE (Groundball, 5L)
Don Keating scores
Tokuhei Kobayashi to third
Terry White to second
Runner from 3rd tries for Home, SAFE, throw made home
Terry White to third
Chris Osborn to second
Batting: LHB Jack Hewat 0-0: Ball
1-0: Swinging Strike
1-1: DOUBLE (Line Drive, 6M)
Terry White scores
Chris Osborn scores
Pitching: RHP John Charles
Batting: RHB Ed Small 0-0: Ball
1-0: Ball
2-0: Ball
3-0: Called Strike
3-1: Called Strike
3-2: Strikes out looking
Batting: RHB Luis González 0-0: Foul Ball, location: 2F
0-1: Ball
1-1: Ground out 6-3 (Groundball, 6)
Bottom of the 7th over - 4 run(s), 3 hit(s), 0 error(s), 1 left on base; Tuscaloosa 2 - Waba 19
TOP OF THE 8TH
Tuscaloosa Trout Slayers batting - Pitching for Waba Ducks : LHP Alberto García
Now at 3B: Ed Hunter
Batting: RHB Ryan McBride 0-0: Foul Ball, location: 2F
0-1: Called Strike
0-2: SINGLE (Line Drive, 89S)
Batting: RHB Owen Carter 0-0: Swinging Strike
0-1: Foul Ball, location: 2F
0-2: DOUBLE (Flyball, 8LD)
Ryan McBride to third
Batting: LHB Wilford Lush 0-0: Swinging Strike
0-1: Ball
1-1: Fly out, F7 (Flyball, 7LD)
Runner from 3rd tags up, SCORES, no throw
Batting: SHB Jerry Kennedy 0-0: Ball
1-0: 2-RUN HOME RUN (Line Drive, 7D), Distance : 370 ft
Batting: RHB Pedro Rodríguez 0-0: Called Strike
0-1: Foul Ball, location: 2F
0-2: Foul Ball, location: 2F
0-2: Ball
1-2: Fly out, F3 (Popup, 3S)
Batting: LHB Sergio Barrón 0-0: Ball
1-0: Ground out 6-3 (Groundball, 6M)
Top of the 8th over - 3 run(s), 3 hit(s), 0 error(s), 0 left on base; Tuscaloosa 5 - Waba 19
BOTTOM OF THE 8TH
Waba Ducks batting - Pitching for Tuscaloosa Trout Slayers : RHP John Charles
Batting: RHB Ramón Torres 0-0: Swinging Strike
0-1: Called Strike
0-2: Ground out 4-3 (Groundball, 4M)
Batting: SHB Cisco Álvarez 0-0: Ball
1-0: Ball
2-0: Called Strike
2-1: Swinging Strike
2-2: Ball
3-2: Foul Ball, location: 2F
3-2: Foul Ball, location: 2F
3-2: Foul Ball, location: 2F
3-2: Foul Ball, location: 2F
3-2: Base on Balls
Batting: RHB Don Keating 0-0: Ball
Wild Pitch!
Cisco Álvarez to second
1-0: Ball
2-0: Called Strike
2-1: Swinging Strike
2-2: Foul Ball, location: 2F
2-2: Ball
3-2: Foul Ball, location: 2F
3-2: Foul Ball, location: 2F
3-2: Strikes out swinging
Batting: RHB Tokuhei Kobayashi 0-0: SINGLE (Groundball, 34D)
Cisco Álvarez to third
Runner from 3rd tries for Home, SAFE, no throw or cutoff
Batting: LHB Terry White 0-0: Ball
1-0: Swinging Strike
1-1: Called Strike
1-2: Strikes out swinging
Bottom of the 8th over - 1 run(s), 1 hit(s), 0 error(s), 1 left on base; Tuscaloosa 5 - Waba 20
TOP OF THE 9TH
Tuscaloosa Trout Slayers batting - Pitching for Waba Ducks : LHP Alberto García
Batting: RHB Lawrence Yates 0-0: Ball
1-0: Ball
2-0: Foul Ball, location: 2F
2-1: Foul Ball, location: 2F
2-2: Ball
3-2: Foul Ball, location: 2F
3-2: DOUBLE (Line Drive, 3L)
Batting: LHB Damon Mitchell 0-0: Called Strike
0-1: Foul Ball, location: 2F
0-2: Ball
1-2: Fly out, F8 (Flyball, 8RXD)
Runner from 2nd tags up, SAFE at 3rd, no throw
Pinch Hitting: RHB José Fernández 0-0: Called Strike
0-1: Ball
1-1: Ball
2-1: Called Strike
2-2: Strikes out swinging
Batting: RHB Ryan McBride 0-0: Ball
1-0: Ball
2-0: Swinging Strike
2-1: 2-RUN HOME RUN (Flyball, 7D), Distance : 368 ft
Batting: RHB Owen Carter 0-0: Ball
1-0: SOLO HOME RUN (Flyball, 8RXD), Distance : 427 ft
Batting: LHB Wilford Lush 0-0: Fly out, F9 (Popup, 9S)
Top of the 9th over - 3 run(s), 3 hit(s), 0 error(s), 0 left on base; Tuscaloosa 8 - Waba 20
This league is powered by Out of the Park Baseball, the baseball management simulation game for PC, Mac and Linux
Tuesday, August 2nd, 2016 - OOTP Baseball 16.8 Build 38